 Dungeon Crawl Stone Soup version 0.28.0 (webtiles) character file.

Game seed: 2298072789146262554

68 croobank the Firebug (level 4, -4/33 HPs)
             Began as a Draconian Fire Elementalist on Feb 13, 2022.
             Slain by an orc (7 damage)
             ... on level 2 of the Dungeon.
             The game lasted 00:05:35 (2242 turns).

croobank the Firebug (Draconian Fire Elementalist)  Turns: 2242, Time: 00:05:36

Health: -4/33      AC:  6    Str: 10    XL:     4   Next: 1%
Magic:  3/7        EV: 12    Int: 17    God:
Gold:   65         SH:  0    Dex: 12    Spells: 4/7 levels left

rFire   . . .      SeeInvis .   a - +0 morningstar
rCold   . . .      Faith    .   (no shield)
rNeg    . . .      Spirit   .   (armour unavailable)
rPois   .          Reflect  +   (helmet restricted)
rElec   .          Harm     .   (no cloak)
rCorr   .          Rampage  .   k - +0 pair of gloves
Will    .....                   (no boots)
Stlth   +.........              e - amulet of reflection
HPRegen 0.11/turn               (no ring)
MPRegen 0.10/turn               (no ring)

@: confused, attractive
A: AC +5, unfitting armour, cold-blooded
a: no special abilities


You were on level 2 of the Dungeon.
You visited 1 branch of the dungeon, and saw 3 of its levels.

You collected 65 gold pieces.

Inventory:

Hand Weapons
 a - a +0 morningstar (weapon)
 c - a +0 whip
Missiles
 d - 18 bolts
 h - 2 poisoned darts
 j - 17 stones
Armour
 k - a +0 pair of gloves (worn)
Jewellery
 b - a ring of protection from cold
 e - an amulet of reflection (around neck)
Scrolls
 g - a scroll of fear {unknown}
 i - 2 scrolls of immolation {unknown}
 l - a scroll of amnesia {unknown}


   Skills:
 + Level 1.0 Maces & Flails
 + Level 2.2 Dodging
 + Level 2.4 Stealth
 + Level 2.4 Spellcasting
 + Level 1.7 Conjurations
 + Level 3.3 Fire Magic


You had 4 spell levels left.
You knew the following spells:

 Your Spells              Type           Power      Damage    Failure   Level
a - Foxfire               Conj/Fire      40%        2x1d6     7%          1
b - Scorch                Fire           26%        2d6       7%          2

Your spell library contained the following spells:

 Spells                   Type           Power      Damage    Failure   Level
 Conjure Flame            Conj/Fire      10%        6-21      21%         3
 Corpse Rot               Necr/Air       4%         N/A       28%         2
 Poisonous Vapours        Pois/Air       4%         N/A       28%         2
 Inner Flame              Hex/Fire       7%         N/A       28%         3
 Flame Wave               Conj/Fire      10%        2d5       54%         4


Dungeon Overview and Level Annotations

Branches:
Dungeon (3/15)

Altars:
Dithmenos


Innate Abilities, Weirdness & Mutations

Your plain brown scales are hard. (AC +5)
You cannot fit into any form of body armour.
You are cold-blooded and may be slowed by cold attacks.


Message History

You are confused.
Something hits you but does no damage.
You bump into the rock wall.
Something hits you but does no damage.
You miss something. Something hits you but does no damage.
A magic dart appears from out of thin air!
The magic dart hits you!
There is an open door here.
Something hits you but does no damage.
You bump into the rock wall.
You hear some strange, mumbled words.
A puff of flame appears from out of thin air!
The puff of flame misses you.
You completely miss something. Something hits you. x2
You bump into the rock wall.
You feel less confused. Something hits you but does no damage.
You miss something.
Your tail-slap misses something.
Something hits you but does no damage.
You miss something.
Your tail-slap misses something.
Something hits you but does no damage. You block something's attack.
There is an open door here.
Casting: Foxfire (safe; 7% risk of failure)
Confirm with . or Enter, or press ? or * to list all spells.
You conjure some foxfire!
Your foxfire dissipates!
The foxfire hits something.
The orc hits you with a +0 war axe.
* * * LOW HITPOINT WARNING * * *
You hear some strange, mumbled words.
You are confused.
You're too confused to cast spells.
You hit the orc.
The orc is heavily wounded.
Something hits you but does no damage. The orc barely misses you.
You're too confused to cast spells.
It was a potion of attraction.
You feel attractive to monsters. Something hits you.
* * * LOW HITPOINT WARNING * * *
The orc hits you with a +0 war axe!
You die...

####..#.#..##.........#.#
#.......#..###>#.....##.#####
#.##..###..# #.##...##......#
#.##.......# #.#######..###.#
#.###.....####'## #..# #.# #.#
#########...## #..###.#
##.###### ##.....## #....#.#
........# ##.....o.## #.#..#.#
.#.#....###.....@...###....#.#
..........'.........+........#
.#.#....###.........####...###
.#....#.# ##.......## ##..###
.###.##.# ##.....## ##...#
.###.##.######...## ###.#
........#.....#+## #.#
###..##.#.....#.# #.#
#...........#.# #.#


You could see an orc.

Vanquished Creatures
  4 adders
  A dart slug (D:2)
  An orc (D:3)
  3 endoplasms
  A goblin (D:2)
  5 hobgoblins
  A quokka (D:1)
  7 ball pythons
  3 bats
  A kobold (D:1)
  2 rats
29 creatures vanquished.

Vanquished Creatures (others)
  58 foxfires
58 creatures vanquished.

Grand Total: 87 creatures vanquished

Notes
Turn   | Place    | Note
-------+----------+-------------------------------------------
     0 | D:1      | croobank the Draconian Fire Elementalist began the quest
                  | for the Orb.
     0 | D:1      | Reached XP level 1. HP: 14/14 MP: 3/3
   308 | D:1      | Reached XP level 2. HP: 20/20 MP: 3/5
   406 | D:1      | Found a faded altar of an unknown god.
   447 | D:1      | Learned a level 2 spell: Scorch
  1238 | D:2      | Found a shadowy altar of Dithmenos.
  1626 | D:2      | Reached XP level 3. HP: 26/26 MP: 1/6
  2212 | D:3      | Reached skill level 1 in Maces & Flails
  2215 | D:3      | Reached XP level 4. HP: 21/33 MP: 2/7
  2242 | D:2      | Slain by an orc

Illustrated notes

Levels and vault maps discovered:
D:1:      lightli_arrival_farm, layout_basic, hellmonk_ecumenical_altar_lost_god
D:2:      layout_loops_corners, basic_altar
D:3:      layout_basic, serial_shops, shop, serial_forest,
          infiniplex_forest_lined_3, infiniplex_forest_clump_double,
          infiniplex_forest_lined_4_way, infiniplex_forest_straight_4,
          infiniplex_forest_straight_4, infiniplex_forest_clump_C,
          infiniplex_forest_clump_medium, infiniplex_forest_clump_double,
          serial_park_tiny_2, hangedman_decor_peaks_small

Skill      XL: |  1  2  3 |
---------------+----------+-----
Stealth        | 2 |  2.4
Dodging        | 2 |  2.2
Maces & Flails | 1 |  1.0
Spellcasting   | |  2.4
Conjurations   | |  1.7
Fire Magic     | |  3.3

Action                   |  1- 3 |  4- 6 || total
-------------------------+-------+-------++-------
Melee: Whip              |    10 |       ||    10
       Tailslap          |     1 |     1 ||     2
       Unarmed           |     1 |       ||     1
       Morningstar       |    10 |    10 ||    20
 Cast: Foxfire           |    32 |     2 ||    34
       Scorch            |     7 |       ||     7
  Use: Scroll            |     1 |       ||     1
       Potion            |       |     1 ||     1
Armor: Skin              |     5 |    12 ||    17
Dodge: Dodged            |    22 |     4 ||    26
Block: Other             |     7 |     2 ||     9
